 Dungeon Crawl Stone Soup version bcrawl-1.40.2 (webtiles) character file.

Game seed: 13701640865984759445

8369037 MisterOstroum the Unseen (level 20, 0/159 HPs)
             Began as a Vampire Chaos Knight on June 16, 2023.
             Was an Elder of Nemelex Xobeh.
             Slain by a rockslime (23 damage)
             ... on level 5 of the Depths on Nov 14, 2023.
             The game lasted 04:48:18 (48319 turns).

MisterOstroum the Unseen (Vampire Chaos Knight)    Turns: 48319, Time: 04:48:18

Health: 0/159      AC: 22    Str: 19    XL:     20   Next: 35%
Magic:  11/30      EV: 19    Int: 14    God:    Nemelex Xobeh [****..]
Gold:   1769       SH: 18    Dex: 24    Spells: 27/31 levels left

rFire    + + .     GDR:     39% a - +9 quick blade (pain)
rCold    + . .     SeeInvis +   J - +2 medium shield {reflect}
rNeg     + + .     Gourm    .   Y - +2 scale mail {rF+}
rPois    ∞         Faith    .   (helmet unavailable)
rElec    +         Spirit   .   p - +2 cloak
rCorr    .         Reflect  +   K - +2 pair of gloves of Syos Lev {rElec MR+}
MR       +++++                  M - +2 pair of boots
Stlth    ++++++++++             V - +4 amulet of reflection
HPRegen  0.18/turn              y - ring of protection from magic
MPRegen  0.22/turn              b - ring of Ehoodo {MR++ Str+4 Dex+4 Stlth++}

@: regenerating slowly
A: claws 1, fangs 3, horns 3, yellow scales 1, see invisible, blink, fire
resistance 1, screaming 1, electricity resistance, wild magic 1, unbreathing,
evolution 2
}: 2/15 runes: decaying, serpentine
a: Blink, Draw Escape, Draw Destruction, Draw Summoning, Draw Stack, Triple
Draw, Deal Four, Renounce Religion


You were on level 5 of the Depths.
You worshipped Nemelex Xobeh.
Nemelex Xobeh was greatly pleased with you.
You were thirsty.

You visited 8 branches of the dungeon, and saw 32 of its levels.
You visited the Abyss 1 time.
You also visited: Ossuary, Bailey and Ice Cave.

You collected 3911 gold pieces.
You spent 2142 gold pieces at shops.

Inventory:

Hand Weapons
 a - a +9 quick blade of pain (weapon)
 c - the +0 dagger of Ameraps {venom, +Inv rC++ Int+3 Dex-3}
   (You found it on level 4 of the Dungeon)

   It poisons the flesh of those it strikes.
   It affects your intelligence (+3).
   It affects your dexterity (-3).
   It greatly protects you from cold.
   It lets you turn invisible.
 d - the +3 demon blade "Wehaony" {flame, rC+}
   (You found it on level 2 of the Depths)

   It has been specially enchanted to surge with flame as it hits, increasing
   damage dealt by approximately one third against foes not resistant or
   susceptible to fire.
   Its heat also prevents any hydra heads it cuts off from regrowing.
   It protects you from cold.
 L - a +4 blowgun
Missiles
 e - 1455 arrows
 k - 228 poisoned tomahawks
 m - 5194 stones
 o - 71 curare-tipped needles
 B - 289 javelins (quivered)
Armour
 p - a +2 cloak (worn)
 J - a +2 medium shield of reflection (worn)
 K - the +2 pair of gloves of Syos Lev (worn) {rElec MR+}
   (You found it on level 3 of the Swamp)

   It insulates you from electricity.
   It affects your resistance to hostile enchantments.
 M - a +2 pair of boots (worn)
 Y - a +2 scale mail of fire resistance (worn)
Jewellery
 b - the ring of Ehoodo (right hand) {MR++ Str+4 Dex+4 Stlth++}
   (You acquired it in the Orcish Mines)

   [ring of stealth]

   It affects your strength (+4).
   It affects your dexterity (+4).
   It affects your resistance to hostile enchantments.
   It makes you much more stealthy.
 j - the ring of Heresy {Ice MR+}
   (You found it on level 3 of the Swamp)

   [ring of ice]

   It enhances your ice magic.
   It makes you vulnerable to fire.
   It protects you from cold.
   It affects your resistance to hostile enchantments.
 y - a ring of protection from magic (left hand)
 V - a +4 amulet of reflection (around neck)
Wands
 t - a wand of disintegration (6)
 x - a wand of charming (24)
 D - a wand of digging (47)
 F - a wand of iceblast (32)
 G - a wand of polymorph (24)
 S - a wand of acid (5)
 W - a wand of clouds (8)
 X - a wand of paralysis (9)
Scrolls
 w - a scroll of noise
 H - 2 scrolls of blinking
 P - a scroll of fog {!r}
 T - 2 scrolls of fear
 Z - 2 scrolls of summoning
Potions
 f - 12 potions of curing
 g - 4 potions of berserk rage
 h - 2 potions of lignification
 i - a potion of cancellation
 l - 7 potions of resistance
 q - 29 potions of blood {!d}
 s - 2 potions of heal wounds {@q2 !q}
 v - 6 potions of haste
 z - 3 potions of agility
 A - a potion of invisibility
 E - 8 potions of might {@q3 !q}
 N - 2 potions of magic
 O - 2 potions of flight
 Q - 2 potions of mutation
Miscellaneous
 n - 3 phantom mirrors
 r - 2 boxes of beasts
 u - a lightning rod (4/4)
 C - a sack of spiders
 I - a phial of floods
 R - a fan of gales (2/2)
 U - a lamp of fire


   Skills:
 - Level 14.0 Fighting
 - Level 17.1(17.6) Short Blades
 - Level 7.7(13.5) Long Blades
 - Level 9.0 Throwing
 - Level 8.0 Armour
 + Level 12.6 Dodging
 - Level 17.3 Stealth
 - Level 7.9 Shields
 - Level 6.3 Spellcasting
 - Level 6.9 Charms
 - Level 8.0 Transmutations
 - Level 0.1 Fire Magic
 - Level 13.7 Invocations
 - Level 10.0 Evocations


You had 27 spell levels left.
You knew the following spells:

 Your Spells              Type           Power        Failure   Level  Hunger
a - Flaming Arrows        Chrm/Fire      ###.....     77%         2    None
b - Sticks to Snakes      Tmut           ####....     22%         2    None

Your spell library contained the following spells:

 Spells                   Type           Power        Failure   Level  Hunger
 Beastly Appendage        Tmut           ####..       16%         1    None
 Passwall                 Tmut/Erth      ###.....     71%         2    None
 Throw Frost              Conj/Ice       #.....       87%         2    None
 Spider Form              Tmut/Pois      ###          90%         3    #......
 Ozocubu's Armour         Chrm/Ice       ###.....     94%         3    #......
 Flame Tongue             Conj/Fire      #....        97%         1    None
 Freeze                   Ice            #.....       98%         1    None
 Necrotize                Necr           #.....       98%         1    None
 Sandblast                Erth           #.....       98%         1    None
 Slow                     Hex            #.......     98%         1    None
 Static Discharge         Air            #.....       98%         1    None
 Summon Small Mammal      Summ           #...         98%         1    None
 Blade Hands              Tmut           ####......   98%         5    #####..
 Call Imp                 Summ           #.....       99%         2    None
 Ensorcelled Hibernation  Hex/Ice        #.....       99%         2    None
 Call Canine Familiar     Summ           #.......     100%        3    #......
 Confuse                  Hex            #.......     100%        3    #......
 Conjure Flame            Conj/Fire      #.......     100%        3    #......
 Dazzling Orbs            Conj/Hex       #......      100%        3    #......
 Inner Flame              Hex/Fire       N/A          100%        3    #......
 Stone Arrow              Conj/Erth      #.....       100%        3    #......
 Tukima's Dance           Hex            #.......     100%        3    #......
 Vampiric Draining        Necr           #.........   100%        3    #......
 Agony                    Necr           #.......     100%        4    ####...
 Animate Dead             Necr           N/A          100%        4    ####...
 Cause Fear               Hex            #.........   100%        4    ####...
 Ice Form                 Ice/Tmut       ###.....     100%        4    ####...
 Lightning Bolt           Conj/Air       #.......     100%        4    ####...
 Petrify                  Tmut/Erth      ###.......   100%        4    ####...
 Sticky Flame             Conj/Fire      #.......     100%        4    ####...
 Summon Ice Beast         Ice/Summ       #.......     100%        4    ####...
 Throw Icicle             Conj/Ice       #.......     100%        4    ####...
 Bolt of Magma            Conj/Fire/Erth #.........   100%        5    #####..
 Dispel Undead            Necr           #.......     100%        5    #####..
 Fireball                 Conj/Fire      #.........   100%        5    #####..
 Lee's Rapid Deconstruct  Erth           #.........   100%        5    #####..
 Summon Lightning Spire   Summ/Air       #.......     100%        5    #####..
 Conjure Ball Lightning   Conj/Air       #.........   100%        6    #######
 Iron Shot                Conj/Erth      #.........   100%        6    #######
 Statue Form              Tmut/Erth      ###......    100%        6    #######
 Chain Lightning          Conj/Air       #.........   100%        8    #######
 Shatter                  Erth           #.........   100%        9    #######


Dungeon Overview and Level Annotations

Branches:
Dungeon (12/12)            Temple (0/1) D:5            Lair (6/6) D:9
  Swamp (3/3) Lair:2        Snake (3/3)               Slime (0/5) Lair:5
    Orc (1/1) D:11            Elf (1/3) Orc          Vaults (1/3) D:11
 Depths (4/5) D:12
  Crypt: Vaults:1-2

Altars:
Cheibriados
Hepliaklqana
Makhleb
Nemelex Xobeh
Qazlal
Ru
Xom
Yredelemnul
Jiyva

Shops:
D:6 :   Orc (}?!   Snake:2 %   Snake:3 }}=

Portals:
Hell: Depths:1 Depths:2
Abyss: Depths:3
Pandemonium: Depths:1 Depths:2

Annotations:
D:3 2 transporters, tronn's ghost, weakling OpWz
D:9 exclusion: centaur, Nergalle
Lair:3 exclusion: ice statue
Lair:4 exclusion: oklob plant
Swamp:2 exclusion: bog body
Depths:1 exclusion: naga
Depths:3 Mara


Innate Abilities, Weirdness & Mutations

You heal slowly.
You are immune to poison.
You have sharp fingernails.
You have razor-sharp teeth.
You have supernaturally acute eyesight. (SInv)
You can survive without breathing.
You have a pair of large horns on your head.
You are partially covered in yellow scales. (AC +2)
You can translocate small distances at will.
Your flesh is heat resistant. (rF+)
You occasionally shout uncontrollably at your foes.
You are resistant to electric shocks. (rElec)
Your spells are a little harder to cast, but a little more powerful.
You rapidly evolve.


Message History

No path to travel!
No path to travel!
No path to travel!
No path to travel!
Okay, then.
You hear a shout!
You pick up a book of Frost and begin reading...
You add the spells Freeze, Throw Frost, Ozocubu's Armour and Throw Icicle to your library.
Okay, then.
Okay, then.
Okay, then.
You start resting.
You hear a trumpeting!
You hear a shout! x4
You hear a trumpeting!
You hear a shout! x2
You hear a trumpeting!
You hear a shout! x2
A fire dragon comes into view.
You hear a shout!
You hear a shout!
You hear a shout!
You hear an angry hiss.
You hear a shout!
You hear a deafening roar!
You hear a shout!
You hear a trumpeting!
A fire dragon comes into view.
The storm dragon breathes lightning at you.
You resist. The bolt of lightning hits you!
* * * LOW HITPOINT WARNING * * *
Xom's power flows through you!
You begin to radiate toxic energy.
A rockslime comes into view.
You shout at the rockslime!
You hear a deafening roar!
You hear a trumpeting!
You hear an angry hiss.
A water elemental comes into view.
You shout at the water elemental!
You see here 33 gold pieces.
Your toxic aura wanes.
The storm dragon breathes lightning at you.
The bolt of lightning misses you.
You hear a shout!
You hear a grinding noise.
The rockslime hits you but does no damage.
You block the rockslime's attack. x2
The rockslime completely misses you.
The rockslime appears confused.
The rockslime seems less confused.
You hear a grinding noise.
You hear a grinding noise.
You block the rockslime's attack. You block the rockslime's attack.
The rockslime hits you!!
* * * LOW HITPOINT WARNING * * *
You stumble backwards!
You block the rockslime's attack.
Found an escape hatch in the ceiling.
Really quaff
s - 5 potions of heal wounds {@q2 !q}?
You feel much better.
The rockslime hits you but does no damage.
You block the rockslime's attack. The rockslime hits you!
* * * LOW HITPOINT WARNING * * *
You stumble backwards!
Really quaff
s - 4 potions of heal wounds {@q2 !q}?
You feel much better.
The rockslime hits you but does no damage.
You block the rockslime's attack. You block the rockslime's attack.
A jiangshi comes into view.
The rockslime hits you.
* * * LOW HITPOINT WARNING * * *
You stumble backwards!
A jiangshi comes into view.
Xom's power touches on a nearby monster.
The white very ugly thing flickers and vanishes for a moment.
You are now a toy of Xom.
You block the rockslime's attack. The rockslime hits you.
* * * LOW HITPOINT WARNING * * *
You stumble backwards! "Serve the mortal, my child!"
The rockslime hits you.
* * * LOW HITPOINT WARNING * * *
You stumble backwards!
Okay, then.
Unknown command.
You deal a card...
You have dealt the Shaft.
Nothing appears to happen.
You deal a card...
You have dealt the Shaft.
Nothing appears to happen.
You deal a card...
You have dealt the Shaft.
Nothing appears to happen.
You deal a card...
You have dealt the Shaft.
Nothing appears to happen.
You can no longer stack cards.
You block the rockslime's attack. The rockslime hits you!!
* * * LOW HITPOINT WARNING * * *
You stumble backwards!
The rockslime hits you.
* * * LOW HITPOINT WARNING * * *
You stumble backwards!
Okay, then.
Really quaff
s - 3 potions of heal wounds {@q2 !q}?
You feel much better. The rockslime hits you!!
You die...
Xom howls with laughter!
Your body glows with a rainbow of weird colours and disappears.

####################
#..@J.5..<..E.......
#....V..............
#....u.....####.....
#..........# #.....
#..........# #.....
#!.........# #.....
#.....V....# #.....
#........... .......
....... ........


You could see a rockslime, a white very ugly thing (invisible), 2 jiangshi and a
friendly crimson imp.

Vanquished Creatures
  Saint Roka (Snake:2)
  2 rockslimes (Depths:1)
  A wendigo (Swamp:3)
  A tentacled monstrosity (Depths:2)
  Frances (Snake:2)
  A titan (Depths:3)
  An ancient champion (Depths:1)
  4 sphinxes (Depths:2)
  A thorn hunter (Swamp:3)
  Agnes (D:12)
  Kirke (Swamp:1)
  A shadow dragon (Depths:2)
  10 nagarajas
  2 vault wardens (Vaults:1)
  2 orc warlords
  2 deep elf sorcerers
  2 spriggan defenders
  4 spectral caustic shrikes
  7 stone giants
  2 vampire knights
  2 ironheart preservers (Vaults:1)
  6 very ugly things
  Nessos (Orc)
  A black draconian (Depths:4)
  A deep elf demonologist (Depths:1)
  4 spark wasps (Depths:3)
  5 ettins
  2 vault guards (Vaults:1)
  6 fire dragons
  A hell beast (Depths:1)
  A yaktaur captain (Vaults:1)
  18 naga warriors
  7 rakshasas
  3 ice dragons
  A great orb of eyes (Depths:3)
  21 hydras
  A ghost crab (Swamp:1)
  An ogre mage (Depths:3)
  5 shambling mangroves
  15 anacondas
  4 spriggan air magi
  A catoblepas (Lair:4)
  A satyr (shapeshifter) (D:11)
  A tengu warrior (Vaults:1)
  A dancing weapon (D:11)
  A death knight (D:10)
  9 alligators
  A two-headed ogre (D:7)
  A deep troll earth mage (Depths:2)
  A spriggan berserker (Depths:3)
  3 orc high priests (Orc)
  An ironheart beastmaster (Vaults:1)
  15 naga sharpshooters
  11 shock serpents
  5 skeletal warriors
  A deep elf knight (Vaults:1)
  8 salamander mystics
  2 deep trolls (Depths:3)
  A goliath frog (Swamp:3)
  A sixfirhy (Depths:2)
  A spriggan druid (Swamp:3)
  6 centaur warriors (Vaults:1)
  6 wizards
  7 naga ritualists
  11 swamp dragons
  An unseen horror (D:9)
  A wolf spider zombie (D:9)
  3 cyclopes
  6 harpies
  6 lindwurms
  A shadow demon (Depths:2)
  2 necromancers
  A phantasmal warrior (Vaults:1)
  3 ironheart convokers (Vaults:1)
  A deep elf archer (Vaults:1)
  13 mana vipers
  An apocalypse crab (Abyss:1)
  7 orc knights
  5 orc sorcerers
  A wolf spider (D:11)
  12 salamanders
  9 deep elf magi
  12 ugly things
  6 manticores (Depths:2)
  3 elephants
  A rust devil (Depths:1)
  8 will-o'-wisps
  A moth of wrath (Depths:1)
  A vault sentinel (Vaults:1)
  13 guardian serpents
  A torpor snail (Lair:4)
  36 black mambas
  A gargoyle (D:12)
  23 naga magi
  7 cane toads
  4 komodo dragons
  A rime drake (Lair:2)
  A freezing wraith (D:10)
  A yaktaur (shapeshifter) (Depths:3)
  A red devil (Depths:1)
  13 yaktaurs
  A tengu conjurer (Vaults:1)
  9 trolls
  Maurice (D:9)
  3 polar bears
  4 harpy skeletons
  4 tyrant leeches
  16 slime creatures
  19 hornets
  7 bog bodies
  A raiju (D:8)
  8 dream sheep
  8 blink frogs
  3 hippogriffs
  A frost giant simulacrum (Depths:1)
  2 shadows (D:11)
  7 spriggans
  A ynoxinul (Depths:2)
  Eustachio (D:6)
  2 wraiths
  30 yaks
  3 hogs (Swamp:1)
  2 fire elementals (Orc)
  3 hungry ghosts
  A chaos spawn (Depths:2)
  3 basilisks
  A warg (shapeshifter) (Depths:2)
  Menkaure (D:7)
  9 vampire mosquitoes
  2 steam dragons (D:8)
  8 swamp worms
  48 nagas
  5 wargs
  6 crocodiles
  Duvessa (D:4)
  A floating eye (Depths:3)
  2 hell hounds (Orc)
  6 water moccasins
  7 porcupines
  A cane toad skeleton (D:10)
  5 sky beasts
  A hornet zombie (D:8)
  11 ice beasts
  32 orc warriors
  A soldier ant (D:11)
  15 swamp drakes
  A meliai simulacrum (D:12)
  A black bear (Lair:1)
  A tengu (shapeshifter) (Depths:2)
  A black bear (shapeshifter) (D:11)
  12 wolves
  4 boggarts
  3 necrophages
  7 ogres
  10 bullfrogs
  2 kobold brigands
  Blork the orc (D:6)
  A gnoll sergeant (D:5)
  4 centaurs
  Dowan (D:4)
  3 scorpions
  A water moccasin skeleton (D:9)
  2 small abominations (Abyss:1)
  40 killer bees
  13 wights
  3 electric eels
  17 orc priests
  8 howler monkeys
  7 crimson imps
  A bullfrog zombie (D:5)
  A quasit (D:7)
  3 jellies
  9 hounds
  3 human zombies (Ossuary)
  Crazy Yiuf (D:5)
  A gnoll shaman (D:7)
  7 iguanas
  17 orc wizards
  8 worker ants
  A porcupine skeleton (D:10)
  4 hound skeletons
  2 mummies (Ossuary)
  2 worker ant zombies
  A howler monkey skeleton (D:6)
  Robin (D:3)
  22 gnolls
  15 adders
  4 centaur zombies (Ossuary)
  A river rat (shapeshifter) (D:11)
  5 shadow imps
  A white imp (Depths:1)
  3 adder skeletons
  6 worms
  6 dart slugs
  7 leopard geckos
  87 orcs
  6 bats
  3 giant cockroaches
  16 goblins
  14 hobgoblins
  5 jackals
  12 kobolds
  4 quokkas
  4 ball pythons
  14 frilled lizards
  7 hobgoblin zombies (Ossuary)
  3 jackal zombies
  10 kobold zombies (Ossuary)
  10 orc zombies (Ossuary)
  3 rats
  A rat zombie (D:6)
  A fungus (D:5)
1234 creatures vanquished.

Vanquished Creatures (collateral kills)
  Frederick (Depths:3)
  A rockslime (Depths:2)
  A sphinx (Depths:2)
  A nagaraja (Snake:3)
  A spectral caustic shrike (Depths:2)
  A spriggan defender (Depths:1)
  A stone giant (Depths:2)
  A deep elf annihilator (Depths:3)
  An ettin (Depths:2)
  An ice dragon (Lair:3)
  2 hydras (Lair:2)
  A shambling mangrove (Swamp:1)
  The ghost of Enish the Nimble, a journeyman FrFi of Makhleb (Lair:1)
  A dancing weapon (D:11)
  A two-headed ogre (D:8)
  A deep troll shaman (Depths:4)
  2 deep troll earth magi (Depths:4)
  A naga sharpshooter (Snake:2)
  A goliath frog (Swamp:1)
  A salamander mystic (Depths:3)
  A skeletal warrior (Depths:1)
  A swamp dragon (Swamp:3)
  A deep elf archer (Depths:3)
  A flayed ghost (Depths:2)
  A naga ritualist (Snake:2)
  2 mana vipers
  3 deep elf magi (Elf:1)
  An orc sorcerer (Orc)
  An orb spider (Orc)
  A salamander (Snake:1)
  A manticore (Depths:2)
  An elephant (Lair:1)
  2 ice statues (IceCv)
  A guardian serpent (Depths:3)
  A will-o'-wisp (Lair:5)
  A cane toad (Swamp:3)
  A troll (Swamp:1)
  5 hornets
  A meliai zombie (D:11)
  A spriggan (Swamp:3)
  5 nagas
  2 swamp worms (Lair:2)
  A water moccasin (Depths:3)
  A hell hound (Depths:2)
  2 porcupines (Lair:2)
  An orc warrior (D:11)
  A boggart (Orc)
  11 killer bees
  A crimson imp (D:3)
  An iguana (Lair:2)
  An orc wizard (Orc)
  A worker ant (D:8)
  A gnoll (D:4)
  A white imp (Lair:3)
  A leopard gecko (D:4)
  8 orcs
  A goblin (D:3)
90 creatures vanquished.

Vanquished Creatures (others)
  A stone giant (Depths:2)
  A naga sharpshooter (Snake:1)
  A black mamba (Snake:3)
  A salamander (Snake:1)
  3 yaktaurs
  A dream sheep (Lair:5)
  A fire dragon zombie (Abyss:1)
  A human (D:8)
  A naga (Depths:1)
  2 orc priests (Orc)
  7 orcs
  A ball python (D:8)
  A goblin (D:3)
  A jackal (Bailey)
  3 ball lightnings
  A briar patch (Swamp:3)
  11 fungi
  14 plants
52 creatures vanquished.

Grand Total: 1376 creatures vanquished

Notes
Turn   | Place    | Note
-------+----------+-------------------------------------------
     0 | D:1      | MisterOstroum the Vampire Chaos Knight began the quest for
                  | the Orb.
     0 | D:1      | Reached XP level 1. HP: 17/17 MP: 1/1
   264 | D:1      | Reached skill level 1 in Stealth
   375 | D:1      | Reached XP level 2. HP: 23/23 MP: 2/2
   541 | D:1      | XOM: harmless Chrm miscast
   690 | D:1      | XOM: cloud trail
   751 | D:1      | Reached XP level 3. HP: 29/29 MP: 3/3
   869 | D:1      | XOM: harmless Necr miscast
   950 | D:1      | XOM: summons 1 hostile demon
  1126 | D:2      | Found a blossoming altar of Fedhas.
  1185 | D:2      | Reached skill level 1 in Armour
  1326 | D:2      | XOM: god gift: square garnet amulet {god gift}
  1413 | D:2      | Found a sacrificial altar of Ru.
  1413 | D:2      | Found a stormy altar of Qazlal.
  1471 | D:2      | Found a burning altar of Makhleb.
  1554 | D:2      | Found a snail-covered altar of Cheibriados.
  1653 | D:2      | XOM: fake destruction
  1666 | D:2      | Reached XP level 4. HP: 26/35 MP: 4/4
  1671 | D:2      | XOM: 1-stop teleportation journey
  1720 | D:2      | XOM: god gift: encrusted wooden wand {god gift}
  2034 | D:2      | XOM: god gift: 166 stones
  2047 | D:2      | Fell from the grace of Xom
  2047 | D:2      | Became a worshipper of Ru the Awakened
  2062 | D:3      | Found a sparkling altar of Nemelex Xobeh.
  2074 | D:3      | Found a transporter.
  2075 | D:3      | XOM: enchant monster (good)
  2186 | D:3      | XOM: polymorph goblin -> dart slug
  2212 | D:3      | Reached XP level 5. HP: 27/42 MP: 5/5
  2253 | D:3      | HP: 2/42 [gnoll/+0 flail (9)]
  2254 | D:3      | XOM: polymorph gnoll -> jelly
  2337 | D:3      | XOM: harmless Chrm miscast
  2360 | D:3      | Reached skill level 5 in Short Blades
  2547 | D:3      | XOM: give mutations
  2547 | D:3      | Gained mutation: You can translocate small distances at
                  | will. [Xom's grace]
  2547 | D:3      | Gained mutation: You are agile. (Dex +2) [Xom's grace]
  2614 | D:3      | XOM: smoke on damage
  2641 | D:3      | Noticed Robin
  2647 | D:3      | XOM: summons friendly shadow imp
  2658 | D:3      | Killed Robin
  2681 | D:3      | XOM: blink monster(s)
  2685 | D:3      | Reached XP level 6. HP: 47/49 MP: 6/6
  2727 | D:3      | Fell from the grace of Ru
  2727 | D:3      | Became a worshipper of Nemelex Xobeh the Trickster
  2808 | D:3      | Found a transporter.
  2811 | D:3      | Noticed tronn's ghost (weakling OpWz)
  2969 | D:4      | Noticed Dowan
  2970 | D:4      | Noticed Duvessa
  2977 | D:4      | XOM: mild Chrm miscast
  2983 | D:4      | Killed Dowan
  2990 | D:4      | Killed Duvessa
  2991 | D:4      | Reached XP level 7. HP: 21/55 MP: 7/7
  3148 | D:4      | XOM: swap monsters
  3152 | D:4      | XOM: cast spell 'Summon Ice Beast'
  3240 | D:4      | XOM: noise
  3352 | D:4      | XOM: cast spell 'Summon Butterflies'
  3358 | D:4      | Reached skill level 5 in Fighting
  3528 | D:4      | Reached skill level 1 in Evocations
  3660 | D:4      | Received a gift from Nemelex Xobeh
  3678 | D:4      | Got a slimy dagger
  3833 | D:4      | XOM: cast spell 'Summon Scorpions'
  3921 | D:3      | Identified the +0 dagger of Ameraps {venom, +Inv rC++ Int+3
                  | Dex-3} (You found it on level 4 of the Dungeon)
  4091 | D:4      | XOM: silly message
  4097 | D:5      | Entered Level 5 of the Dungeon
  4097 | D:5      | Found a staircase to the Ecumenical Temple.
  4126 | D:5      | XOM: divination: magic mapping
  4182 | D:5      | Reached * piety under Nemelex Xobeh
  4191 | D:5      | XOM: enchant monster (bad)
  4291 | D:5      | XOM: cloud trail
  4315 | D:5      | XOM: noise
  4349 | D:5      | XOM: enchant monster (good)
  4361 | D:5      | XOM: noise
  4457 | D:5      | Reached XP level 8. HP: 49/63 MP: 9/9
  4519 | D:5      | XOM: divination: detect items
  4571 | D:5      | XOM: harmless Summ miscast
  4927 | D:5      | Lost mutation: You can translocate small distances at will.
                  | [potion of mutation]
  4927 | D:5      | Gained mutation: You tend to lose your temper in combat.
                  | [potion of mutation]
  4927 | D:5      | Gained mutation: Potions are less effective at restoring
                  | your health. [potion of mutation]
  4927 | D:5      | Gained mutation: Your mind is acute. (Int +2) [potion of
                  | mutation]
  4928 | D:5      | Lost mutation: You are agile. (Dex +2) [potion of mutation]
  4928 | D:5      | Lost mutation: Potions are less effective at restoring your
                  | health. [potion of mutation]
  4928 | D:5      | Lost mutation: You tend to lose your temper in combat.
                  | [potion of mutation]
  4928 | D:5      | Gained mutation: Your flesh is heat resistant. (rF+)
                  | [potion of mutation]
  4928 | D:5      | Gained mutation: Your spells are a little harder to cast,
                  | but a little more powerful. [potion of mutation]
  4928 | D:5      | Gained mutation: You are occasionally teleported next to
                  | monsters. [potion of mutation]
  4928 | D:5      | Gained mutation: You have a pair of small antennae on your
                  | head. [potion of mutation]
  5012 | D:5      | XOM: 8-stop teleportation journey
  5059 | D:5      | XOM: 4-stop teleportation journey
  5253 | D:5      | Found a runed door.
  5257 | D:5      | Noticed Crazy Yiuf
  5261 | D:5      | Killed Crazy Yiuf
  5521 | D:6      | Found Roet's Book Shop.
  5547 | D:6      | Noticed Blork the orc
  5552 | D:6      | Found a sand-covered staircase.
  5558 | Ossuary  | Entered an ossuary
  5749 | Ossuary  | Received a gift from Nemelex Xobeh
  5875 | Ossuary  | Reached skill level 5 in Stealth
  5901 | Ossuary  | XOM: cleaving
  5911 | Ossuary  | XOM: confuse monster(s)
  5942 | Ossuary  | XOM: fake destruction
  6063 | D:6      | Killed Blork the orc
  6092 | D:6      | Reached ** piety under Nemelex Xobeh
  6114 | D:6      | Noticed a troll
  6306 | D:6      | Noticed Eustachio
  6345 | D:6      | Killed Eustachio
  6346 | D:6      | Reached skill level 1 in Invocations
  6362 | D:6      | XOM: harmless Chrm miscast
  6496 | D:6      | Found a hazy altar of Hepliaklqana.
  6496 | D:6      | Found a white marble altar of Elyvilon.
  6596 | D:6      | Killed a troll
  6597 | D:6      | Reached XP level 9. HP: 71/71 MP: 11/11
  6622 | D:6      | Received a gift from Nemelex Xobeh
  6978 | D:7      | XOM: enchant monster (bad)
  6992 | D:7      | XOM: noise
  7002 | D:7      | XOM: summons friendly white imp
  7138 | D:7      | Noticed Menkaure
  7193 | D:7      | Killed Menkaure
  7248 | D:7      | Noticed a two-headed ogre
  7274 | D:7      | XOM: blink monster(s)
  7278 | D:7      | XOM: blink monster(s)
  7415 | D:7      | XOM: mild Necr miscast
  7494 | D:7      | XOM: silly message
  7607 | D:7      | XOM: divination: magic mapping
  7631 | D:7      | Killed a two-headed ogre
  7806 | D:7      | Got an ancient cloak
  7848 | D:7      | Found a hazy altar of Hepliaklqana.
  8102 | D:7      | XOM: harmless Tloc miscast
  8305 | D:8      | Lost mutation: You are occasionally teleported next to
                  | monsters. [potion of mutation]
  8305 | D:8      | Lost mutation: Your mind is acute. (Int +2) [potion of
                  | mutation]
  8305 | D:8      | Lost mutation: You have a pair of small antennae on your
                  | head. [potion of mutation]
  8305 | D:8      | Gained mutation: You have large cloven feet. [potion of
                  | mutation]
  8305 | D:8      | Gained mutation: You are agile. (Dex +2) [potion of
                  | mutation]
  8305 | D:8      | Gained mutation: You are resistant to electric shocks.
                  | (rElec) [potion of mutation]
  8401 | D:8      | Noticed a two-headed ogre
  8405 | D:8      | XOM: enchant monster (bad)
  8418 | D:8      | Reached *** piety under Nemelex Xobeh
  8420 | D:8      | XOM: scenery: create altars
  8449 | D:8      | Killed a two-headed ogre
  8450 | D:8      | Reached skill level 10 in Short Blades
  8450 | D:8      | Reached XP level 10. HP: 65/79 MP: 10/13
  8524 | D:8      | Found a basalt altar of Yredelemnul.
  8654 | D:8      | Identified the +2 cloak of the Hanged Man {rF+ MR- Regen+
                  | Str+4} (You found it on level 7 of the Dungeon)
  8707 | D:8      | Received a gift from Nemelex Xobeh
  8766 | D:8      | XOM: give mutations
  8766 | D:8      | Gained mutation: You have a pair of small horns on your
                  | head. [Xom's grace]
  8766 | D:8      | Gained mutation: You are partially covered in yellow
                  | scales. (AC +2) [Xom's grace]
  8840 | D:8      | Reached skill level 5 in Dodging
  8840 | D:8      | Reached skill level 1 in Shields
  8949 | D:8      | Found a shimmering altar of Xom.
  9238 | D:9      | Noticed Maurice
  9316 | D:8      | XOM: potion effect (might)
  9324 | D:8      | Reached skill level 5 in Evocations
  9381 | D:9      | XOM: potion effect (might)
  9404 | D:8      | XOM: chaos cloud
  9405 | D:8      | XOM: noise
  9406 | D:8      | XOM: blink monster(s)
  9446 | D:8      | XOM: smoke on damage
  9473 | D:9      | XOM: enchant monster (bad)
  9515 | D:9      | XOM: silly message
  9706 | D:9      | Found a staircase to the Lair.
  9716 | D:9      | XOM: divination: magic mapping
  9720 | D:9      | XOM: harmless Ice miscast
  9729 | D:9      | Reached XP level 11. HP: 84/84 MP: 15/15
  9759 | D:9      | Killed Maurice
  9791 | D:9      | Noticed an unseen horror
  9793 | D:9      | XOM: divination: detect creatures
  9805 | D:9      | XOM: divination: detect items
  9820 | D:9      | XOM: potion effect (curing)
  9827 | D:9      | XOM: harmless Tmut miscast
  9891 | D:9      | Killed an unseen horror
  9892 | D:9      | Reached skill level 5 in Invocations
  9934 | D:9      | Received a gift from Nemelex Xobeh
  9976 | D:9      | Noticed Nergalle
  9993 | D:9      | XOM: divination: detect creatures
 10040 | D:9      | Got a crude robe
 10280 | D:10     | Entered Level 10 of the Dungeon
 10359 | D:10     | XOM: divination: magic mapping
 10372 | D:10     | XOM: cast spell 'Alistair's Intoxication'
 10430 | D:10     | Noticed a cyan ugly thing
 10468 | D:10     | Received a gift from Nemelex Xobeh
 10473 | D:10     | Identified the +1 robe of Virtue {Slay+2} (You found it on
                  | level 9 of the Dungeon)
 10505 | D:10     | XOM: 2-stop teleportation journey
 10514 | D:10     | Reached **** piety under Nemelex Xobeh
 10679 | D:10     | Noticed a cyclops
 10687 | D:10     | Killed a cyclops
 10688 | D:10     | Reached skill level 5 in Armour
 10711 | D:10     | XOM: noise
 10723 | D:10     | XOM: mild Tmut miscast
 10734 | D:10     | XOM: noise
 10738 | D:10     | XOM: draining
 10744 | D:10     | XOM: fake destruction
 10792 | D:10     | XOM: 1-stop teleportation journey
 10891 | D:10     | Received a gift from Nemelex Xobeh
 11007 | D:10     | Noticed a skeletal warrior
 11277 | D:10     | XOM: cleaving
 11284 | D:10     | Killed a cyan ugly thing
 11288 | D:10     | XOM: noise
 11590 | Lair:1   | Entered Level 1 of the Lair of Beasts
 11626 | Lair:1   | Identified 2 scrolls of acquirement
 11626 | Lair:1   | Identified the ring "Numaotua" {Ice Int+5} (You acquired it
                  | on level 1 of the Lair of Beasts)
 11638 | D:9      | XOM: smoke on damage
 11652 | D:9      | XOM: enchant monster (bad)
 11877 | Lair:1   | Received a gift from Nemelex Xobeh
 11933 | Lair:1   | Found a runed translucent door.
 11933 | Lair:1   | Noticed Enish's ghost (journeyman FrFi)
 12089 | Lair:1   | XOM: summons 5 hostile demons
 12343 | Lair:2   | Received a gift from Nemelex Xobeh
 12368 | Lair:2   | XOM: confusion
 12387 | Lair:2   | Found a frozen archway.
 12409 | IceCv    | Entered an ice cave
 12409 | IceCv    | Noticed a white ugly thing
 12411 | IceCv    | Found a transporter.
 12413 | IceCv    | Killed a white ugly thing
 12762 | IceCv    | Noticed a white ugly thing
 12763 | IceCv    | Found a transporter.
 12765 | IceCv    | Killed a white ugly thing
 12765 | IceCv    | XOM: harmless Summ miscast
 12766 | IceCv    | Reached XP level 12. HP: 92/92 MP: 16/16
 12768 | IceCv    | XOM: noise
 12771 | IceCv    | Identified the -1 hand axe of Licroul {chop, Int+4}
 12864 | Lair:2   | XOM: summons 2 hostile shadow creatures
 12913 | Lair:2   | XOM: stat loss: -1 Dex (18/19)
 12996 | Lair:2   | XOM: blink monster(s)
 13006 | Lair:2   | Reached skill level 10 in Stealth
 13015 | Lair:1   | Identified the -2 hand axe of the Saving Wolf {chop, -Tele
                  | rC++ rN+ MR-}
 13098 | Lair:1   | XOM: scenery: create altars
 13262 | Lair:1   | Killed Enish's ghost
 13263 | Lair:1   | Reached skill level 5 in Shields
 13436 | Lair:2   | XOM: 2-stop teleportation journey
 13619 | Lair:2   | Noticed a five-headed hydra
 13643 | Lair:2   | XOM: divination: magic mapping
 13647 | Lair:2   | Killed a five-headed hydra
 13671 | Lair:2   | Noticed an eight-headed hydra
 13783 | Lair:2   | XOM: 8-stop teleportation journey
 13784 | Lair:2   | Noticed a seven-headed hydra
 13788 | Lair:2   | Killed a seven-headed hydra
 13810 | Lair:2   | XOM: summons 6 hostile demons
 13839 | Lair:2   | Killed an eight-headed hydra
 14092 | Lair:2   | XOM: mild Hex miscast
 14095 | Lair:2   | XOM: chaos cloud
 14160 | Lair:3   | Received a gift from Nemelex Xobeh
 14178 | Lair:3   | XOM: confusion (+ monsters)
 14239 | Lair:3   | XOM: blink monster(s)
 14381 | Lair:3   | Noticed an ice dragon
 14644 | Lair:3   | Killed an ice dragon
 14789 | Lair:3   | Reached ***** piety under Nemelex Xobeh
 14880 | Lair:3   | XOM: summons 3 hostile shadow creatures
 14906 | Lair:3   | XOM: harmless Hex miscast
 14908 | Lair:3   | XOM: fog
 14913 | Lair:3   | XOM: confusion
 14925 | Lair:3   | XOM: scenery: create altars
 14928 | Lair:3   | XOM: swap monsters
 14944 | Lair:3   | XOM: enchant monster (bad)
 14953 | Lair:3   | XOM: summons 4 hostile shadow creatures
 15140 | Lair:3   | Reached XP level 13. HP: 99/100 MP: 19/19
 15155 | Lair:3   | XOM: give mutation
 15155 | Lair:3   | Lost mutation: You are agile. (Dex +2) [Xom's mischief]
 15191 | Lair:3   | XOM: summons 4 hostile shadow creatures
 15273 | Lair:4   | Found a staircase to the Snake Pit.
 15289 | Lair:4   | XOM: stat loss: -1 Int (12/13)
 15419 | Lair:4   | XOM: summons friendly white imp
 15428 | Lair:4   | Received a gift from Nemelex Xobeh
 15508 | Lair:4   | XOM: cast spell 'Call Canine Familiar'
 15580 | Lair:4   | XOM: harmless Conj miscast
 15726 | Lair:4   | Received a gift from Nemelex Xobeh
 16053 | Lair:4   | XOM: summons 3 hostile demons
 16136 | Lair:5   | XOM: divine lightning
 16207 | Lair:5   | XOM: cleaving
 16225 | Lair:5   | XOM: destruction
 16270 | Lair:5   | Found a viscous altar of Jiyva.
 16270 | Lair:5   | Found a staircase to the Slime Pits.
 16270 | Lair:5   | Received a gift from Nemelex Xobeh
 16270 | Lair:5   | XOM: 8-stop teleportation journey
 16317 | Lair:5   | XOM: scenery: create altars
 16351 | Lair:5   | XOM: cloud trail
 16554 | Lair:5   | XOM: noise
 16587 | Lair:5   | XOM: confuse monster(s)
 16685 | Lair:5   | XOM: mild Air miscast
 16702 | Lair:5   | XOM: harmless Chrm miscast
 16783 | Lair:5   | XOM: summons 5 friendly demons
 17073 | Lair:5   | Received a gift from Nemelex Xobeh
 17204 | Lair:6   | Entered Level 6 of the Lair of Beasts
 17206 | Lair:6   | XOM: summons friendly ufetubus
 17209 | Lair:6   | XOM: scenery: create altars
 17233 | Lair:6   | XOM: cleaving
 17508 | Lair:6   | XOM: scenery: create altars
 17572 | Lair:5   | XOM: summons friendly shadow imp
 17672 | Lair:6   | XOM: cleaving
 17673 | Lair:6   | XOM: scenery: create altars
 17717 | Lair:6   | XOM: 3-stop teleportation journey
 17717 | Lair:6   | Noticed a fire dragon
 18049 | D:10     | Reached skill level 10 in Invocations
 18089 | D:10     | XOM: give mutations
 18089 | D:10     | Gained mutation: You evolve. [Xom's grace]
 18089 | D:10     | Gained mutation: You have a pair of horns on your head.
                  | [Xom's grace]
 18089 | D:10     | Gained mutation: You rapidly evolve. [Xom's grace]
 18296 | D:11     | Received a gift from Nemelex Xobeh
 18421 | D:11     | Found a gate to the Vaults.
 18426 | D:11     | XOM: smoke on damage
 18522 | D:11     | XOM: 1-stop teleportation journey
 18774 | D:11     | Gained mutation: You can translocate small distances at
                  | will. [evolution]
 18977 | D:11     | XOM: enchant monster (good)
 19057 | D:11     | Received a gift from Nemelex Xobeh
 19188 | D:11     | XOM: noise
 19293 | D:11     | Reached XP level 14. HP: 91/108 MP: 21/21
 19409 | D:11     | XOM: divination: detect items
 19442 | D:11     | XOM: severe Summ miscast
 19453 | D:11     | XOM: mild Tloc miscast
 19461 | D:11     | XOM: chaos cloud
 19469 | D:11     | XOM: chaos cloud
 19475 | D:11     | XOM: divine lightning
 19484 | D:11     | XOM: mild Tloc miscast
 19889 | D:11     | Found a stormy altar of Qazlal.
 20073 | D:11     | Found a staircase to the Orcish Mines.
 20145 | D:12     | Entered Level 12 of the Dungeon
 20152 | D:11     | Upgraded the game from bcrawl-1.38.3 to bcrawl-1.39
 20200 | D:12     | Received a gift from Nemelex Xobeh
 20201 | D:12     | Found a flagged portal.
 20225 | Bailey   | Entered a bailey
 20275 | Bailey   | XOM: harmless Fire miscast
 20487 | Bailey   | XOM: harmless Fire miscast
 20881 | D:12     | Found a roughly hewn altar of Beogh.
 20901 | D:12     | XOM: divination: detect creatures
 21083 | D:12     | Noticed Agnes
 21087 | D:12     | Killed Agnes
 21135 | D:12     | Found a staircase to the Depths.
 21359 | D:12     | XOM: divination: detect creatures
 21444 | D:12     | Received a gift from Nemelex Xobeh
 21635 | D:12     | Gained mutation: You are agile. (Dex +2) [evolution]
 21732 | Orc      | Entered the Orcish Mines
 21765 | Orc      | XOM: summons 3 friendly demons
 21765 | Orc      | Noticed Nessos
 21775 | Orc      | Killed Nessos
 22039 | Orc      | Found a staircase to the Elven Halls.
 22053 | Orc      | XOM: enchant monster (bad)
 22056 | Orc      | Received a gift from Nemelex Xobeh
 22056 | Orc      | XOM: 3-stop teleportation journey
 22057 | Orc      | Noticed Snorg
 22061 | Orc      | XOM: polymorph orc warrior -> boggart
 22084 | Orc      | XOM: fake destruction
 22225 | Orc      | Noticed Azrael
 22234 | Orc      | Noticed Azrael
 22234 | Orc      | Azrael changed into Azrael the rakshasa
 22234 | Orc      | XOM: polymorph Azrael -> Azrael the rakshasa
 22237 | Orc      | Killed Azrael the rakshasa
 22242 | Orc      | XOM: severe Fire miscast
 22246 | Orc      | XOM: swap monsters
 22377 | Orc      | Reached skill level 10 in Fighting
 22380 | Orc      | XOM: polymorph orc warrior -> adder
 22385 | Orc      | Noticed an orc warlord
 22406 | Orc      | XOM: confuse monster(s)
 22410 | Orc      | XOM: cleaving
 22473 | Orc      | Killed an orc warlord
 22665 | Orc      | Reached ****** piety under Nemelex Xobeh
 22679 | Orc      | XOM: chaos upgrade
 22707 | Orc      | Noticed Snorg
 22707 | Orc      | Snorg changed into Snorg the orb spider
 22710 | Orc      | Killed Snorg the orb spider
 22716 | Orc      | Reached skill level 10 in Dodging
 22910 | Orc      | XOM: harmless Pois miscast
 23024 | Orc      | Upgraded the game from bcrawl-1.39 to bcrawl-1.39.1
 23132 | Orc      | XOM: blink monster(s)
 23136 | Elf:1    | Entered Level 1 of the Elven Halls
 23172 | Elf:1    | XOM: god gift: 11 potions of blood
 23269 | Orc      | XOM: confusion
 23372 | Orc      | XOM: draining
 23374 | Orc      | Found Yvehoevo's Antique Weapon Shop.
 23374 | Orc      | Found Figikk's Distillery.
 23380 | Orc      | Found Suifoeng's Magic Scroll Shoppe.
 23380 | Orc      | Found Meschis's Gadget Shop.
 23389 | Orc      | Bought a scroll of acquirement for 676 gold pieces
 23395 | Orc      | Bought a scroll of teleportation for 39 gold pieces
 23397 | Orc      | Bought a potion of haste for 150 gold pieces
 23397 | Orc      | Bought a potion of resistance for 150 gold pieces
 23397 | Orc      | Bought a potion of resistance for 150 gold pieces
 23397 | Orc      | Bought a potion of heal wounds for 75 gold pieces
 23397 | Orc      | Bought 2 potions of curing for 75 gold pieces
 23400 | Orc      | Bought a wand of iceblast (8) for 202 gold pieces
 23400 | Orc      | Bought a wand of paralysis (12) for 195 gold pieces
 23400 | Orc      | Bought a wand of acid (4) for 150 gold pieces
 23406 | Orc      | Identified the +7 rapier "Qujyl" {flame, MP+9 Str+6 Stlth+}
                  | (You acquired it in the Orcish Mines)
 23406 | Orc      | Identified the ring "Lablacw" {MP+9 Stlth++} (You acquired
                  | it in the Orcish Mines)
 23407 | Orc      | Identified the +7 quick blade of Buh Xyrph {pierce, rElec
                  | rC+ MR+ Dex-5} (You acquired it in the Orcish Mines)
 23407 | Orc      | Identified the ring of Ehoodo {MR++ Str+4 Dex+4 Stlth++}
                  | (You acquired it in the Orcish Mines)
 23408 | Orc      | Identified the +0 hat "Giapo Purru" {MP+9 Str+3 Stlth-}
                  | (You acquired it in the Orcish Mines)
 23408 | Orc      | Identified the ring of Inoerchua {rF+ AC+4 Str+2 SInv} (You
                  | acquired it in the Orcish Mines)
 23623 | Elf:1    | XOM: 1-stop teleportation journey
 23648 | Elf:1    | XOM: swap monsters
 23659 | Elf:1    | XOM: medium Tmut miscast
 23798 | Elf:1    | Gained mutation: Your body sometimes deteriorates upon
                  | taking damage. [mutagenic glow]
 23897 | Elf:1    | XOM: noise
 24073 | Elf:1    | Noticed a deep elf sorcerer
 24081 | Elf:1    | XOM: summons 7 hostile demons
 24103 | Elf:1    | XOM: give mutations
 24103 | Elf:1    | Lost mutation: Your body sometimes deteriorates upon taking
                  | damage. [Xom's mischief]
 24103 | Elf:1    | Lost mutation: You rapidly evolve. [Xom's mischief]
 24103 | Elf:1    | Gained mutation: You are frail. (-10% HP) [Xom's mischief]
 24103 | Elf:1    | Lost mutation: You are agile. (Dex +2) [Xom's mischief]
 24111 | Elf:1    | Killed a deep elf sorcerer
 24245 | D:10     | XOM: harmless Pois miscast
 24268 | D:10     | XOM: chaos cloud
 24271 | D:10     | XOM: summons 3 hostile demons
 24299 | D:10     | XOM: potion effect (curing)
 24498 | Lair:2   | Found a staircase to the Swamp.
 24506 | Lair:2   | XOM: god gift: fustibalus {god gift}
 24515 | Swamp:1  | Entered Level 1 of the Swamp
 24531 | Swamp:1  | Reached XP level 15. HP: 103/103 MP: 22/22
 24585 | Swamp:1  | XOM: 5-stop teleportation journey
 24830 | Swamp:2  | Received a gift from Nemelex Xobeh
 24868 | Swamp:2  | Reached skill level 5 in Throwing
 25406 | Swamp:2  | XOM: scenery: create altars
 25496 | Swamp:2  | Received a gift from Nemelex Xobeh
 25863 | Swamp:2  | XOM: god gift: blackened golden ring {god gift}
 25969 | Swamp:2  | XOM: give mutation
 25969 | Swamp:2  | Gained mutation: You expend magic power (3 MP) to
                  | strengthen your wands. [Xom's grace]
 26214 | Swamp:3  | Entered Level 3 of the Swamp
 26419 | Swamp:1  | XOM: mild Tmut miscast
 27006 | Swamp:1  | XOM: cast spell 'Summon Mana Viper'
 27182 | Swamp:1  | You fall into a shaft and drop 1 floor!
 27545 | Swamp:1  | Gained mutation: You rapidly evolve. [evolution]
 27626 | Snake:1  | Entered Level 1 of the Snake Pit
 27672 | Snake:1  | XOM: polymorph black mamba -> polar bear
 27806 | Snake:1  | Identified the +1 trident "Tedwun Loni" {pierce, MR++
                  | Int-5}
 27821 | Lair:4   | XOM: repel stairs
 27849 | Snake:1  | You fall into a shaft and drop 1 floor!
 27849 | Snake:2  | Noticed Frances
 27900 | Snake:2  | XOM: chaos upgrade
 28227 | Snake:1  | Received a gift from Nemelex Xobeh
 28247 | Snake:1  | Reached skill level 10 in Evocations
 28364 | Snake:1  | XOM: enchant monster (bad)
 28408 | Snake:1  | Gained mutation: You are resistant to hostile enchantments.
                  | (MR+) [evolution]
 28813 | Snake:1  | XOM: harmless Conj miscast
 28835 | Snake:1  | XOM: confuse monster(s)
 28837 | Snake:1  | XOM: confusion
 28846 | Snake:1  | XOM: cast spell 'Shadow Creatures'
 28853 | Snake:1  | Reached skill level 15 in Short Blades
 28966 | Snake:1  | XOM: summons 7 hostile demons
 29123 | Snake:1  | XOM: noise
 29144 | Snake:1  | XOM: mild Air miscast
 29146 | Snake:1  | Reached skill level 15 in Stealth
 29147 | Snake:1  | XOM: potion effect (agility)
 29158 | Snake:1  | Reached XP level 16. HP: 112/112 MP: 24/24
 29342 | Snake:1  | XOM: mild Air miscast
 29452 | Snake:2  | XOM: cast spell 'Summon Small Mammal'
 29604 | Snake:2  | XOM: cast spell 'Summon Butterflies'
 29737 | Snake:2  | Found Zokki's Food Emporium.
 29763 | Snake:2  | Received a gift from Nemelex Xobeh
 29783 | Snake:2  | Noticed Saint Roka
 29796 | Snake:2  | XOM: divination: magic mapping
 29810 | Snake:2  | Killed Saint Roka
 29812 | Snake:2  | XOM: 1-stop teleportation journey
 30299 | Snake:2  | Identified the +3 demon trident "Xaclinn" {venom, +Inv}
 30347 | Snake:2  | XOM: cast spell 'Olgreb's Toxic Radiance'
 30358 | Snake:2  | XOM: polymorph rakshasa -> apocalypse crab
 30452 | Snake:2  | XOM: god gift: scroll of teleportation
 30752 | Snake:2  | XOM: confuse monster(s)
 30781 | Snake:2  | Killed Frances
 31184 | Snake:2  | XOM: harmless Chrm miscast
 31481 | Snake:3  | Entered Level 3 of the Snake Pit
 31515 | Snake:3  | XOM: confusion (+ monsters)
 31648 | Snake:3  | XOM: harmless Pois miscast
 31845 | Snake:3  | XOM: medium Erth miscast
 31860 | Snake:3  | XOM: cast spell 'Death Channel'
 32408 | Snake:2  | XOM: give mutations
 32408 | Snake:2  | Lost mutation: You are frail. (-10% HP) [Xom's mischief]
 32408 | Snake:2  | Lost mutation: You expend magic power (3 MP) to strengthen
                  | your wands. [Xom's mischief]
 32408 | Snake:2  | Lost mutation: You are resistant to hostile enchantments.
                  | (MR+) [Xom's mischief]
 32408 | Snake:2  | Gained mutation: You are weak. (Str -2) [Xom's mischief]
 32598 | Snake:3  | XOM: medium Tloc miscast
 32598 | Snake:3  | Cast into level 1 of the Abyss (the capriciousness of Xom)
 32598 | Abyss:1  | Received a gift from Nemelex Xobeh
 32736 | Abyss:1  | Noticed a lich
 32771 | Abyss:1  | Noticed a tentacled starspawn
 32773 | Abyss:1  | Received a gift from Nemelex Xobeh
 32820 | Snake:3  | Escaped the Abyss
 32835 | Snake:3  | XOM: 1-stop teleportation journey
 32978 | Snake:3  | XOM: enchant monster (bad)
 32979 | Snake:3  | XOM: summons 3 friendly demons
 33079 | Snake:3  | XOM: mild Hex miscast
 33153 | Snake:3  | Received a gift from Nemelex Xobeh
 33338 | Snake:3  | XOM: noise
 33503 | Snake:3  | XOM: give mutation
 33503 | Snake:3  | Lost mutation: You have large cloven feet. [Xom's mischief]
 33545 | Snake:3  | Found Xosaq's Jewellery Shop.
 33545 | Snake:3  | Found Xiunigep's Gadget Shoppe.
 33559 | Snake:3  | XOM: enchant monster (bad)
 33559 | Snake:3  | Lost mutation: You are weak. (Str -2) [evolution]
 33594 | Snake:3  | Found Etiteo's Gadget Shoppe.
 33604 | Snake:3  | Bought a wand of acid (9) for 280 gold pieces
 33840 | Snake:3  | XOM: cloud trail
 34117 | Snake:3  | XOM: cloud trail
 34160 | Snake:3  | Reached XP level 17. HP: 102/135 MP: 26/26
 34180 | Snake:3  | XOM: potion effect (agility)
 34378 | Snake:3  | XOM: potion effect (invisibility)
 34427 | Snake:3  | XOM: harmless Summ miscast
 34433 | Snake:3  | XOM: potion effect (haste)
 34492 | Snake:3  | XOM: harmless Necr miscast
 34533 | Snake:3  | XOM: potion effect (curing)
 34560 | Snake:3  | XOM: harmless Hex miscast
 34576 | Snake:3  | XOM: divination: detect items
 34628 | Snake:3  | XOM: potion effect (heal wounds)
 34637 | Snake:3  | XOM: potion effect (brilliance)
 34671 | Snake:3  | XOM: divination: detect creatures
 34711 | Snake:3  | XOM: silly message
 34842 | Snake:3  | XOM: harmless Tloc miscast
 34874 | Snake:3  | XOM: divination: detect creatures
 34912 | Snake:3  | XOM: harmless Hex miscast
 34923 | Snake:3  | XOM: potion effect (invisibility)
 34939 | Snake:3  | XOM: silly message
 34940 | Snake:3  | XOM: harmless Erth miscast
 34985 | Snake:3  | XOM: divination: detect items
 35028 | Snake:3  | XOM: summons friendly shadow imp
 35139 | Snake:3  | XOM: polymorph shadow imp -> quasit
 35239 | Snake:3  | XOM: enchant monster (good)
 35347 | Snake:3  | XOM: torment (85/136 hp)
 35430 | Snake:3  | XOM: give mutation
 35474 | Snake:3  | XOM: noise
 35494 | Snake:3  | XOM: mild Hex miscast
 35702 | Snake:3  | Got a serpentine rune of Zot
 35972 | Lair:2   | XOM: stat loss: -1 Str (18/19)
 36061 | Lair:2   | XOM: mild Tloc miscast
 36180 | Swamp:1  | XOM: polymorph hornet -> troll
 36183 | Lair:2   | XOM: silly message
 36287 | Swamp:1  | XOM: harmless Necr miscast
 36317 | Swamp:1  | Noticed Kirke
 36322 | Swamp:1  | Killed Kirke
 36326 | Swamp:1  | Found a stormy altar of Qazlal.
 36329 | Swamp:1  | XOM: harmless Pois miscast
 36408 | Swamp:1  | XOM: confusion
 36457 | Swamp:1  | XOM: medium Air miscast
 36840 | Swamp:3  | Identified the ring of Heresy {Ice MR+}
 36858 | Swamp:3  | Identified the +2 pair of gloves of Syos Lev {rElec MR+}
 36867 | Swamp:3  | XOM: summons 8 hostile demons
 36891 | Swamp:3  | Noticed a wendigo
 36893 | Swamp:3  | XOM: polymorph polar bear -> jelly
 36903 | Swamp:3  | Killed a wendigo
 36919 | Swamp:3  | Identified the +0 buckler "Roff" {rC+}
 36967 | Swamp:3  | XOM: cloud trail
 37079 | Swamp:3  | Gained mutation: You occasionally shout uncontrollably at
                  | your foes. [evolution]
 37137 | Swamp:3  | XOM: harmless Erth miscast
 37162 | Swamp:3  | XOM: summons 16 friendly demons
 37589 | Swamp:3  | XOM: god gift: glowing club {god gift}
 37598 | Swamp:3  | XOM: swap monsters
 37622 | Swamp:3  | XOM: confusion (+ monsters)
 37857 | Swamp:3  | XOM: divination: detect items
 37859 | Swamp:3  | Reached XP level 18. HP: 137/144 MP: 27/27
 37912 | Swamp:3  | XOM: divination: detect items
 37916 | Swamp:3  | XOM: harmless Ice miscast
 37998 | Swamp:3  | XOM: confusion (+ monsters)
 38011 | Swamp:3  | XOM: harmless Erth miscast
 38145 | Swamp:3  | Received a gift from Nemelex Xobeh
 38161 | Swamp:3  | Got a decaying rune of Zot
 38187 | Swamp:3  | XOM: divination: magic mapping
 38238 | Swamp:3  | XOM: mild Fire miscast
 38312 | Swamp:3  | XOM: harmless Tmut miscast
 38338 | Swamp:3  | XOM: 2-stop teleportation journey
 38944 | Vaults:1 | Entered Level 1 of the Vaults
 38945 | Vaults:1 | XOM: medium Hex miscast
 38947 | Vaults:1 | XOM: summons friendly crimson imp
 39023 | Vaults:1 | XOM: divination: detect items
 39140 | Vaults:1 | XOM: noise
 39248 | Vaults:1 | XOM: enchant monster (bad)
 39543 | Vaults:1 | XOM: mild Ice miscast
 39591 | Vaults:1 | XOM: enchant monster (good)
 39689 | Vaults:1 | XOM: scenery: 2 doors open
 39708 | Vaults:1 | XOM: cast spell 'Call Canine Familiar'
 40000 | Depths:1 | Entered Level 1 of the Depths
 40102 | D:12     | Learned a level 2 spell: Flaming Arrows
 40105 | D:12     | Learned a level 2 spell: Sticks to Snakes
 40129 | D:12     | XOM: mild Conj miscast
 40140 | D:12     | Reached skill level 1 in Charms
 40149 | Depths:1 | Reached skill level 1 in Transmutations
 40205 | Depths:1 | XOM: enchant monster (good)
 40209 | Depths:1 | XOM: summons friendly crimson imp
 40211 | Depths:1 | Reached skill level 1 in Spellcasting
 40382 | Depths:1 | XOM: potion effect (magic)
 40397 | Depths:1 | Received a gift from Nemelex Xobeh
 40625 | Depths:1 | Identified the +0 medium shield of Ceguqema {rPois} (You
                  | acquired it on level 1 of the Depths)
 40625 | Depths:1 | Identified the amulet of Oqethreu {Acrobat Str+4 Dex+3
                  | Stlth+} (You acquired it on level 1 of the Depths)
 40644 | Depths:1 | XOM: harmless Erth miscast
 40651 | Depths:1 | Noticed a rockslime
 40658 | Depths:1 | Killed a rockslime
 40730 | Depths:1 | Received a gift from Nemelex Xobeh
 40737 | Depths:1 | Noticed a rockslime
 40744 | Depths:1 | Killed a rockslime
 40752 | Depths:1 | Reached skill level 5 in Transmutations
 40764 | Depths:1 | XOM: 2-stop teleportation journey
 40779 | Depths:1 | XOM: confuse monster(s)
 40798 | Depths:1 | Noticed a Hell Sentinel
 40800 | Depths:1 | Noticed a Shadow Fiend
 40907 | Depths:1 | Found a one-way gate leading to the halls of Pandemonium.
 40941 | Depths:1 | XOM: confusion
 41221 | Depths:1 | Found a gateway to Hell.
 41231 | Depths:1 | XOM: cast spell 'Summon Mana Viper'
 41275 | Depths:1 | XOM: noise
 41438 | Depths:1 | XOM: noise
 41751 | Depths:1 | XOM: harmless Summ miscast
 41782 | Depths:1 | XOM: chaos upgrade
 41789 | Depths:1 | XOM: polymorph guardian serpent -> moth of wrath
 41849 | Depths:1 | XOM: harmless Tloc miscast
 42212 | Depths:1 | XOM: summons friendly iron imp
 42227 | Depths:1 | XOM: harmless Tmut miscast
 42275 | Depths:1 | XOM: divination: detect items
 42284 | Depths:1 | Reached XP level 19. HP: 105/151 MP: 29/29
 42394 | Depths:1 | XOM: give mutations
 42394 | Depths:1 | Gained mutation: You are resistant to hostile enchantments.
                  | (MR+) [Xom's grace]
 42394 | Depths:1 | Gained mutation: You have very sharp fingernails. [Xom's
                  | grace]
 42509 | Depths:1 | Reached skill level 5 in Charms
 42709 | Depths:2 | Reached skill level 5 in Spellcasting
 42843 | Depths:2 | XOM: noise
 43007 | Depths:2 | XOM: cast spell 'Summon Dragon'
 43053 | Depths:2 | Gained mutation: You have a pair of large horns on your
                  | head. [evolution]
 43694 | Depths:1 | XOM: mild Tloc miscast
 43805 | Depths:1 | Upgraded the game from bcrawl-1.39.1 to bcrawl-1.40.1
 43928 | Depths:2 | Reached skill level 1 in Long Blades
 44007 | Depths:2 | Received a gift from Nemelex Xobeh
 44018 | Depths:2 | Noticed a rockslime
 44026 | Depths:2 | XOM: repel stairs
 44040 | Depths:2 | Killed a rockslime
 44399 | Depths:2 | XOM: cast spell 'Summon Ice Beast'
 44601 | Depths:2 | XOM: harmless Air miscast
 44637 | Depths:2 | XOM: harmless Erth miscast
 44643 | Depths:2 | XOM: mild Ice miscast
 44653 | Depths:2 | Upgraded the game from bcrawl-1.40.1 to bcrawl-1.40.2
 44772 | Depths:1 | You fall into a shaft and drop 1 floor!
 44789 | Depths:2 | Reached skill level 5 in Long Blades
 44933 | Depths:2 | Identified the +1 hunting sling of Parts Unknown {velocity,
                  | *Slow rPois MR++}
 44945 | Depths:1 | XOM: enchant monster (bad)
 45029 | Depths:2 | XOM: potion effect (agility)
 45104 | Depths:2 | Found the +1 giant club "Skullcrusher" {antimagic, -Cast
                  | *Drain rN+ MR+ AC+6}
 45113 | Depths:2 | Identified the +3 demon blade "Wehaony" {flame, rC+}
 45222 | Depths:2 | XOM: 1-stop teleportation journey
 45364 | Depths:2 | XOM: blink monster(s)
 45394 | Depths:2 | XOM: polymorph ufetubus -> shadow imp
 45438 | Depths:2 | XOM: noise
 45703 | Depths:2 | XOM: destruction
 45853 | Depths:2 | XOM: give mutation
 45853 | Depths:2 | Gained mutation: Armour fits poorly on your strangely
                  | shaped body. [Xom's mischief]
 45914 | Depths:2 | XOM: enchant monster (good)
 45915 | Depths:2 | XOM: noise
 45924 | Depths:2 | XOM: enchant monster (good)
 46004 | Depths:2 | XOM: medium Pois miscast
 46164 | Depths:3 | XOM: confusion
 46165 | Depths:3 | XOM: summons 1 hostile demon
 46174 | Depths:3 | XOM: destruction
 46249 | Depths:3 | XOM: divination: magic mapping
 46382 | Depths:3 | Received a gift from Nemelex Xobeh
 46406 | Depths:3 | Noticed Mara
 46452 | Depths:3 | XOM: summons 3 friendly demons
 46552 | Depths:3 | XOM: butterfly on damage
 46569 | Depths:3 | Found a one-way gate to the infinite horrors of the Abyss.
 46573 | Depths:3 | XOM: polymorph deep elf mage -> water moccasin
 46597 | Depths:3 | XOM: enchant monster (good)
 46607 | Depths:3 | HP: 7/152 [spriggan air mage/the air (21)]
 46611 | Depths:3 | Reached XP level 20. HP: 26/159 MP: 13/30
 46938 | Depths:3 | XOM: polymorph ynoxinul -> soul eater
 47011 | Depths:3 | XOM: enchant monster (good)
 47036 | Depths:3 | XOM: fake destruction
 47219 | Depths:3 | Received a gift from Nemelex Xobeh
 47316 | Depths:3 | XOM: 7-stop teleportation journey
 47414 | Depths:3 | XOM: scenery: create altars
 47642 | Depths:3 | Noticed Frederick
 47659 | Depths:3 | Killed Frederick
 47926 | Depths:3 | XOM: confuse monster(s)
 47947 | Depths:3 | XOM: confuse monster(s)
 47969 | Depths:3 | XOM: summons friendly shadow imp
 47970 | Depths:3 | XOM: divination: magic mapping
 47986 | Depths:3 | Noticed MisterOstroum's illusion
 47987 | Depths:3 | XOM: harmless Necr miscast
 48153 | Depths:3 | XOM: give mutations
 48153 | Depths:3 | Lost mutation: Armour fits poorly on your strangely shaped
                  | body. [Xom's mischief]
 48153 | Depths:3 | Lost mutation: You have very sharp fingernails. [Xom's
                  | mischief]
 48153 | Depths:3 | Lost mutation: You are resistant to hostile enchantments.
                  | (MR+) [Xom's mischief]
 48239 | Depths:4 | XOM: scenery: create altars
 48243 | Depths:4 | Received a gift from Nemelex Xobeh
 48266 | Depths:4 | You fall into a shaft and drop 1 floor!
 48266 | Depths:5 | Entered Level 5 of the Depths
 48293 | Depths:5 | XOM: cast spell 'Olgreb's Toxic Radiance'
 48293 | Depths:5 | Noticed a rockslime
 48314 | Depths:5 | XOM: enchant monster (bad)
 48316 | Depths:5 | XOM: summons friendly crimson imp
 48317 | Depths:5 | HP: 5/159 [rockslime (31)]
 48318 | Depths:5 | HP: 1/159 [rockslime (4)]
 48319 | Depths:5 | Slain by a rockslime

Skill      XL: |  1  2  3  4  5  6  7  8  9 10 11 12 13 14 15 16 17 18 19 20 |
---------------+-------------------------------------------------------------+-----
Stealth        | 1 2 3 4 5 7 9 11 12 13 15 16 17 | 17.3
Short Blades   | 4 5 6 8 10 11 12 14 15 16 17 | 17.1
Fighting       | 3 4 5 6 7 8 9 10 11 12 13 14 | 14.0
Armour         | 1 2 3 4 5 7 8 |  8.0
Dodging        | 3 4 5 6 7 9 10 11 12 | 12.6
Evocations     | 1 3 4 5 6 7 8 10 | 10.0
Invocations    | 1 3 4 6 8 10 11 12 13 | 13.7
Throwing       | 3 4 5 7 8 9 |  9.0
Shields        | 3 4 5 6 7 |  7.9
Charms         | 4 6 |  6.9
Transmutations | 6 8 |  8.0
Spellcasting   | 4 6 |  6.3
Long Blades    | 7 |  7.7
Fire Magic     | |  0.1

Action                   |  1- 3 |  4- 6 |  7- 9 | 10-12 | 13-15 | 16-18 | 19-21 || total
-------------------------+-------+-------+-------+-------+-------+-------+-------++-------
Melee: Short sword       |   119 |   124 |   210 |   195 |   409 |       |       ||  1057
       Bite              |    14 |    14 |    57 |   120 |   241 |   297 |   115 ||   858
       Dagger            |       |    47 |   304 |   684 |   520 |    96 |    44 ||  1695
       Headbutt          |       |       |       |   192 |   411 |   515 |   186 ||  1304
       Rapier            |       |       |       |       |    16 |       |       ||    16
       Quick blade       |       |       |       |       |   528 |  1401 |   535 ||  2464
       Scimitar          |       |       |       |       |       |    23 |    52 ||    75
       Demon blade       |       |       |       |       |       |       |    28 ||    28
 Fire: Blowgun           |       |       |       |    17 |     4 |       |     5 ||    26
Throw: Stone             |    32 |    32 |   120 |    80 |    30 |    82 |    60 ||   436
       Tomahawk          |       |       |     3 |    15 |    59 |   266 |    23 ||   366
       Javelin           |       |       |       |     5 |    33 |    56 |    63 ||   157
Invok: Deal Four         |       |       |       |     4 |     2 |     3 |     6 ||    15
       Stack Five        |       |       |       |       |     1 |     1 |       ||     2
 Abil: Evoke Invisibilit |       |       |     1 |       |    24 |     8 |     4 ||    37
       Draw Destruction  |       |       |       |    28 |    21 |    23 |    12 ||    84
       Draw Escape       |       |       |       |     4 |    10 |     3 |     6 ||    23
       Draw Summoning    |       |       |       |    10 |    14 |    15 |    13 ||    52
       Blink             |       |       |       |       |     5 |       |     6 ||    11
       Draw Stack        |       |       |       |       |     3 |     2 |     2 ||     7
Evoke: Wand              |       |       |       |     6 |    12 |    16 |    15 ||    49
       Lamp of fire      |       |       |       |       |     2 |     3 |       ||     5
       Box of beasts     |       |       |       |       |       |     1 |     1 ||     2
  Use: Potion            |     3 |     6 |     8 |    18 |    25 |    37 |    28 ||   125
       Scroll            |       |     1 |    15 |    15 |    29 |     5 |     5 ||    70
 Stab: Sleeping          |     6 |    11 |    17 |    26 |    54 |    24 |     6 ||   144
       Petrified         |     2 |     1 |       |       |     5 |       |       ||     8
       Distracted        |       |     2 |       |     1 |    10 |    10 |     1 ||    24
       Paralysed         |       |     1 |     2 |       |     2 |     1 |     2 ||     8
       Confused          |       |       |     3 |     2 |    16 |     8 |     4 ||    33
       Petrifying        |       |       |     1 |     1 |     3 |     2 |       ||     7
       Invisible         |       |       |     1 |       |    50 |    26 |    10 ||    87
  Eat: Corpse            |       |       |       |    13 |    18 |     6 |     3 ||    40
Armor: Leather armour    |    31 |    37 |   134 |   271 |   177 |   161 |    31 ||   842
       Scale mail        |       |       |       |       |       |       |    89 ||    89
Dodge: Dodged            |    72 |    80 |   236 |   658 |   552 |   485 |   360 ||  2443
Block: Buckler           |       |       |    42 |   320 |   503 |   167 |       ||  1032
       Reflection        |       |       |       |     2 |    23 |    48 |    25 ||    98
       Medium shield     |       |       |       |       |       |   445 |   600 ||  1045
